AoeStats
← 钠呐纳卡姆

Nomad

508637017Analyzed
4v4 RM · 8d ago on Sep 23, 2026· 35m 43s· 8 players
Game mode
Random Map
Map size
231×231
Population
200
Speed
Normal
Resources
Standard
Victory
Conquest
Starting age
Dark Age
Ending age
Imperial Age
RankedLock teamsTeams togetherTeam positionsShared explorationLock speedFull tech treeHidden civsTurbo modeCheats
Victory
Defeat
🇬🇧 Wu · United Kingdom
1011
+15
🇦🇺 Aztecs · Australia
949
+18
🇺🇦 Dravidians · Ukraine
922
+19
🇦🇺 Britons · Australia
893
+21
🇨🇳 Vietnamese · China
1001
-19
🇨🇳 Huns · China
1001
-19
🇨🇳 Japanese · China
981
-18
🇨🇳 Italians · China
961
-17
sparttanez
3:40 Loom
15:38 Feudal Age
17:11 Wheelbarrow
16:23 Double-Bit Axe
17:03 Fishing Lines
19:46 Castle Age
18:16 Town Watch
20:46 Bow Saw
20:31 Gillnets
23:21 Hand Cart
23:53 Stone Mining
23:54 Gold Mining
28:01 Fletching
31:01 Imperial Age
31:05 Thumb Ring
31:23 Ballistics
31:02 Bodkin Arrow
32:31 Medium Warships
32:25 Elite Elephant Archer
35:14 Padded Archer Armor
37:07 Chemistry
36:28 Leather Archer Armor
Alex
10:03 Loom
14:52 Feudal Age
17:47 Double-Bit Axe
20:29 Fishing Lines
24:15 Castle Age
24:15 Forging
25:14 Medium Warships
25:48 Iron Casting
27:07 Stone Mining
27:30 Bow Saw
28:51 Stone Shaft Mining
29:02 Gillnets
32:54 Red Cliffs Tactics
SlayQueen
5:15 Loom
15:46 Feudal Age
22:00 Castle Age
19:54 Stone Mining
20:17 Fishing Lines
20:26 Double-Bit Axe
20:44 Horse Collar
21:18 Gold Mining
23:01 Bow Saw
22:54 Heavy Plow
25:05 Wheelbarrow
28:56 Hand Cart
35:54 Imperial Age
33:49 Ballistics
35:31 Gold Shaft Mining
34:53 Fletching
35:04 Padded Archer Armor
Socom
14:18 Loom
16:42 Feudal Age
21:40 Castle Age
23:16 Horse Collar
26:07 Scale Mail Armor
26:06 Arson
27:22 Squires
28:43 Chain Mail Armor
38:08 Imperial Age
Mr.Jay
17:03 Feudal Age
17:35 Loom
18:58 Double-Bit Axe
19:38 Fishing Lines
25:12 Castle Age
23:09 Gold Mining
24:51 Wheelbarrow
26:12 Medium Warships
27:29 Bow Saw
27:39 Gillnets
30:04 Fletching
30:14 Padded Archer Armor
30:48 Hand Cart
31:36 Gold Shaft Mining
31:18 Bodkin Arrow
32:11 Town Watch
33:55 Stone Mining
36:31 Leather Archer Armor
Q董香酱E
6:19 Loom
14:58 Feudal Age
15:41 Fishing Lines
16:35 Double-Bit Axe
20:32 Castle Age
19:53 Stone Mining
21:22 Gillnets
21:58 Bow Saw
23:59 Wheelbarrow
24:40 Horse Collar
28:02 Fletching
钠呐纳卡姆
8:21 Loom
14:28 Feudal Age
15:09 Fishing Lines
KaoruRed
3:37 Loom
15:41 Feudal Age
21:18 Castle Age
20:05 Stone Mining
20:02 Double-Bit Axe
20:36 Fishing Lines
23:05 Wheelbarrow
22:15 Horse Collar
25:57 Gold Mining
26:12 Heavy Plow
30:21 Husbandry
31:57 Bow Saw
33:46 Hand Cart
34:00 Forging
34:57 Thumb Ring
35:52 Padded Archer Armor
Connection lost

Rejoining the realm…

Still unreachable

The connection could not be restored.

Session expired

The server has moved on; the page needs a fresh start.